 Dungeon Crawl Stone Soup version 0.31-a0-667-g39726597b9 (webtiles) character file.

Game seed: 18118087432308136171

526951 qw the Slayer (level 27, 196/196 HPs) *WIZ*
             Began as a Gargoyle Hunter on Aug 20, 2023.
             Quit the game on level 2 of the Dungeon on Sept 3, 2023.
             The game lasted 00:09:47 (1253 turns).

qw the Slayer (Gargoyle Hunter)                     Turns: 1253, Time: 00:09:48

Health: 196/196    AC: 34    Str: 14    XL:     27
Magic:  53/53      EV: 22    Int:  9    God:    No God 0 (0)
Gold:   79         SH:  0    Dex: 13    Spells: 70/78 levels left

rFire   . . .        Y - +0 shortbow
rCold   . . .        (shield currently unavailable)
rNeg    + . .        f - +0 ring mail
rPois   inf          (no helmet)
rElec   +            (no cloak)
rCorr   .            (no gloves)
SInv    .            i - +1 pair of boots
Will    ++...        (no amulet)
Stlth   ++++++++     (no ring)
HPRegen 0.52/turn    (no ring)
MPRegen 0.33/turn

%: no passive effects
@: flying
A: sickness immunity, AC +20, big wings, negative energy resistance 1,
electricity resistance, torment resistance 1, petrification resistance
a: Build terrain, Set terrain to build, Clear terrain to floor


You were on level 2 of the Dungeon.
You visited 1 branch of the dungeon, and saw 2 of its levels.

You collected 79 gold pieces.


Innate Abilities, Weirdness & Mutations

You are immune to sickness and miasma.
Your stone body is resilient. (AC +20)
You are immune to poison.
Your large and strong wings let you fly.
You resist negative energy. (rN+)
You are resistant to electric shocks. (rElec)
You are resistant to unholy torment.
You are immune to petrification.


   Skills:
 + Level 26.0 Fighting
 - Level 26.0(27) Short Blades
 - Level 26.0(27) Long Blades
 - Level 26.0(27) Axes
 - Level 26.0(27) Maces & Flails
 - Level 26.0(27) Polearms
 - Level 26.0(27) Staves
 - Level 26.0 Ranged Weapons
 - Level 26.0 Throwing
 - Level 26.0 Armour
 - Level 26.0 Dodging
 - Level 26.0 Stealth
 - Level 26.0 Shields
 - Level 26.0 Unarmed Combat
 - Level 26.0 Spellcasting
 - Level 26.0 Conjurations
 - Level 26.0 Hexes
 - Level 26.0 Summonings
 - Level 26.0 Necromancy
 - Level 26.0 Translocations
 - Level 26.0 Transmutations
 - Level 26.0 Fire Magic
 - Level 26.0 Ice Magic
 - Level 26.0 Air Magic
 - Level 26.0 Earth Magic
 - Level 26.0 Poison Magic
 - Level 26.0 Invocations
 - Level 26.0 Evocations
 - Level 26.0 Shapeshifting


You had 70 spell levels left.
You knew the following spells:

 Your Spells              Type           Power      Damage    Failure   Level
a - Maxwell's Capacitive  Air            55 (200)   death     1%          8
Your spell library was empty.

Inventory:

Hand Weapons
 Y - a +0 shortbow (weapon)
Armour
 f - a +0 ring mail (worn)
 i - a +1 pair of boots (worn)
Jewellery
 b - a ring of ice
 j - an amulet of the acrobat
Scrolls
 a - 2 scrolls of teleportation
 c - a scroll of fog {unknown}
 l - a scroll of identify {unknown}
 m - a scroll of poison {unknown}
Potions
 d - a potion of cancellation {unknown}
 e - a potion of attraction {unknown}
 g - 2 potions of heal wounds
 h - a potion of curing
 k - a potion of lignification {unknown}

Dungeon Overview and Level Annotations

Branches:
Dungeon (2/15)

Altars:


Message History

Done exploring.
Done exploring.
Saving game... please wait.
Welcome back, qw the Gargoyle Hunter.
Press ? for a list of commands and other information.
Enter note:
Enter note:
Enter note:
Enter note:
Enter note:
Enter note:
Enter note:
Enter note:
Enter note:
Enter note:
Enter note:
Enter note:
Enter note:
Enter note:
Enter note:
Enter note:
Enter note:
Enter note:
Enter note:
Enter note:
Enter note:
Enter note:
Enter note:
Enter note:
Enter note:
Enter note:
Enter note:
Enter note:
Enter note:
Enter note:
Enter note:
Enter note:
Enter note:
1253 ||| PLANNING D:1-11 Are you sure you want to abandon this character and quit the game? (Confirm with "yes".)

####### #.....#
#.###.# ####.# #.#
#....# #.# ####
#.######@## ...#
#.#.......# ...#
#.#.####..# ...#
#.#....#..#
...######...#..#..#
............>..#).#
.....#######...#..#
....## #......#
....# #.#....#


There were no monsters in sight!

Vanquished Creatures
  A dart slug (D:1)
  An endoplasm (D:1)
  A giant cockroach (D:1)
  A goblin (D:2)
  A hobgoblin (D:1)
  3 quokkas (D:1)
  3 ball pythons (D:1)
  A bat (D:1)
  3 frilled lizards
  2 kobolds (D:1)
  2 rats (D:1)
19 creatures vanquished.

Notes
Turn   | Place    | Note
-------+----------+-------------------------------------------
     0 | D:1      | qw the Gargoyle Hunter began the quest for the Orb.
     0 | D:1      | Reached XP level 1. HP: 12/12 MP: 1/1
     0 | D:1      | 0 ||| qw: Version: 0.3-a-72-gab24cc9
     0 | D:1      | 0 ||| qw: Game counter: 23
     0 | D:1      | 0 ||| qw: Melee chars always use a shield: true
     0 | D:1      | 0 ||| qw: God list: Okawaru
     0 | D:1      | 0 ||| qw: Allow faded altars: false
     0 | D:1      | 0 ||| qw: Do Orc after clearing Dungeon:15 true
     0 | D:1      | 0 ||| qw: Do second Lair branch before Depths: true
     0 | D:1      | 0 ||| qw: Lair rune preference: random
     0 | D:1      | 0 ||| qw: Goals: Normal
     0 | D:1      | 0 ||| PLANNING D:1-11
   120 | D:1      | Reached XP level 2. HP: 17/17 MP: 2/2
   432 | D:1      | 432 ||| UPGRADING to +0 ring mail.
   442 | D:1      | 442 ||| DROPPING +0 leather armour.
   443 | D:1      | 443 ||| UPGRADING to +1 pair of boots.
   448 | D:1      | 448 ||| READING 2 scrolls labelled ILAETO SIYPA.
   451 | D:1      | 451 ||| READING scroll labelled DON YPLYHYOSU.
   452 | D:1      | 452 ||| DRINKING 3 grey potions.
   453 | D:1      | 453 ||| DRINKING 2 fuming blue potions.
   454 | D:1      | 454 ||| DROPPING scroll of butterflies.
   685 | D:2      | Upgraded the game from 0.31-a0-596-g831eee08f1 to
                  | 0.31-a0-636-ge1c0e020e0
   685 | D:2      | Upgraded the game from 0.31-a0-636-ge1c0e020e0 to
                  | 0.31-a0-640-g39d97e502b
   685 | D:2      | Upgraded the game from 0.31-a0-640-g39d97e502b to
                  | 0.31-a0-667-g39726597b9
   685 | D:2      | Entered wizard mode.
   685 | D:2      | Reached XP level 3. HP: 56/56 MP: 2/31
   685 | D:2      | Reached XP level 4. HP: 62/62 MP: 2/33
   685 | D:2      | Reached XP level 5. HP: 68/68 MP: 2/34
   685 | D:2      | Reached XP level 6. HP: 74/74 MP: 2/36
   685 | D:2      | Reached XP level 7. HP: 80/80 MP: 2/37
   685 | D:2      | Reached XP level 8. HP: 86/86 MP: 2/39
   685 | D:2      | Reached XP level 9. HP: 92/92 MP: 2/40
   685 | D:2      | Reached XP level 10. HP: 98/98 MP: 2/41
   685 | D:2      | Reached XP level 11. HP: 104/104 MP: 2/42
   685 | D:2      | Reached XP level 12. HP: 110/110 MP: 2/43
   685 | D:2      | Reached XP level 13. HP: 116/116 MP: 2/44
   685 | D:2      | Gained mutation: Your large and strong wings let you fly.
                  | [Gargoyle growth]
   685 | D:2      | Reached XP level 14. HP: 122/122 MP: 2/45
   685 | D:2      | Reached XP level 15. HP: 127/127 MP: 2/46
   685 | D:2      | Reached XP level 16. HP: 133/133 MP: 2/47
   685 | D:2      | Reached XP level 17. HP: 139/139 MP: 2/48
   685 | D:2      | Reached XP level 18. HP: 145/145 MP: 2/49
   685 | D:2      | Reached XP level 19. HP: 151/151 MP: 2/50
   685 | D:2      | Reached XP level 20. HP: 157/157 MP: 2/51
   685 | D:2      | Reached XP level 21. HP: 163/163 MP: 2/52
   685 | D:2      | Reached XP level 22. HP: 169/169 MP: 2/53
   685 | D:2      | Reached XP level 23. HP: 175/175 MP: 2/54
   685 | D:2      | Reached XP level 24. HP: 181/181 MP: 2/54
   685 | D:2      | Reached XP level 25. HP: 187/187 MP: 2/54
   685 | D:2      | Reached XP level 26. HP: 193/193 MP: 2/54
   685 | D:2      | Reached XP level 27. HP: 199/199 MP: 2/54
   685 | D:2      | Learned a level 8 spell: Maxwell's Capacitive Coupling
  1189 | D:2      | 1189 ||| PLANNING D:1-11
  1253 | D:2      | 1253 ||| PLANNING D:1-11
  1253 | D:2      | Quit the game

Levels and vault maps discovered: [+gen,+vis] D:1: zaba_arrival_water, layout_basic [+gen,+vis] D:2: wander_river, layout_basic [+gen,-vis] D:3 [+gen,-vis] D:4 [+gen,-vis] D:5 [+gen,-vis] D:6 [+gen,-vis] D:7 [+gen,-vis] D:8 [+gen,-vis] D:9 [+gen,-vis] D:10 [+gen,-vis] D:11 [+gen,-vis] D:12 [+gen,-vis] D:13 [+gen,-vis] D:14 [+gen,-vis] D:15 [+gen,-vis] Temple: nicolae_temple_hex_pool [+gen,-vis] Lair:1 [+gen,-vis] Lair:2 [+gen,-vis] Lair:3 [+gen,-vis] Lair:4 [+gen,-vis] Lair:5 [+gen,-vis] Swamp:1 [+gen,-vis] Swamp:2 [+gen,-vis] Swamp:3 [+gen,-vis] Swamp:4 [+gen,-vis] Shoals:1 [+gen,-vis] Shoals:2 [+gen,-vis] Shoals:3 [+gen,-vis] Shoals:4 [+gen,-vis] Snake:1 [+gen,-vis] Snake:2 [+gen,-vis] Snake:3 [+gen,-vis] Snake:4 [+gen,-vis] Spider:1 [+gen,-vis] Spider:2 [+gen,-vis] Spider:3 [+gen,-vis] Spider:4 [+gen,-vis] Slime:1 [+gen,-vis] Slime:2 [+gen,-vis] Slime:3 [+gen,-vis] Slime:4 [+gen,-vis] Slime:5 [+gen,-vis] Orc:1 [+gen,-vis] Orc:2 [+gen,-vis] Elf:1 [+gen,-vis] Elf:2 [+gen,-vis] Elf:3 [+gen,-vis] Vaults:1 [+gen,-vis] Vaults:2 [+gen,-vis] Vaults:3 [+gen,-vis] Vaults:4 [+gen,-vis] Vaults:5 [+gen,-vis] Crypt:1 [+gen,-vis] Crypt:2 [+gen,-vis] Crypt:3 [+gen,-vis] Tomb:1 [+gen,-vis] Tomb:2 [+gen,-vis] Tomb:3 [+gen,-vis] Depths:1 [+gen,-vis] Depths:2 [+gen,-vis] Depths:3 [+gen,-vis] Depths:4 [+gen,-vis] Hell [+gen,-vis] Dis:1 [+gen,-vis] Dis:2 [+gen,-vis] Dis:3 [+gen,-vis] Dis:4 [+gen,-vis] Dis:5 [+gen,-vis] Dis:6 [+gen,-vis] Dis:7 [+gen,-vis] Geh:1 [+gen,-vis] Geh:2 [+gen,-vis] Geh:3 [+gen,-vis] Geh:4 [+gen,-vis] Geh:5 [+gen,-vis] Geh:6 [+gen,-vis] Geh:7 [+gen,-vis] Coc:1 [+gen,-vis] Coc:2 [+gen,-vis] Coc:3 [+gen,-vis] Coc:4 [+gen,-vis] Coc:5 [+gen,-vis] Coc:6 [+gen,-vis] Coc:7 [+gen,-vis] Tar:1 [+gen,-vis] Tar:2 [+gen,-vis] Tar:3 [+gen,-vis] Tar:4 [+gen,-vis] Tar:5 [+gen,-vis] Tar:6 [+gen,-vis] Tar:7 [+gen,-vis] Zot:1 [+gen,-vis] Zot:2 [+gen,-vis] Zot:3 [+gen,-vis] Zot:4 [+gen,-vis] Zot:5 [+gen,-vis] Abyss:1 [+gen,-vis] Abyss:2 [+gen,-vis] Abyss:3 [+gen,-vis] Abyss:4 [+gen,-vis] Abyss:5 [+gen,-vis] Abyss:6 [+gen,-vis] Abyss:7 [+gen,-vis] Pan [+gen,-vis] Zig:1 [+gen,-vis] Zig:2 [+gen,-vis] Zig:3 [+gen,-vis] Zig:4 [+gen,-vis] Zig:5 [+gen,-vis] Zig:6 [+gen,-vis] Zig:7 [+gen,-vis] Zig:8 [+gen,-vis] Zig:9 [+gen,-vis] Zig:10 [+gen,-vis] Zig:11 [+gen,-vis] Zig:12 [+gen,-vis] Zig:13 [+gen,-vis] Zig:14 [+gen,-vis] Zig:15 [+gen,-vis] Zig:16 [+gen,-vis] Zig:17 [+gen,-vis] Zig:18 [+gen,-vis] Zig:19 [+gen,-vis] Zig:20 [+gen,-vis] Zig:21 [+gen,-vis] Zig:22 [+gen,-vis] Zig:23 [+gen,-vis] Zig:24 [+gen,-vis] Zig:25 [+gen,-vis] Zig:26 [+gen,-vis] Zig:27 [+gen,-vis] Bazaar [+gen,-vis] Trove [+gen,-vis] Sewer [+gen,-vis] Ossuary [+gen,-vis] Bailey [+gen,-vis] IceCv [+gen,-vis] Volcano [+gen,-vis] WizLab [+gen,-vis] Desolation [+gen,-vis] Gauntlet [+gen,-vis] Arena

Action                     |  1- 3 |  4- 6 |  7- 9 | 10-12 | 13-15 | 16-18 | 19-21 | 22-24 | 25-27 || total
---------------------------+-------+-------+-------+-------+-------+-------+-------+-------+-------++-------
   Fire: Shortbow          |    50 |       |       |       |       |       |       |       |     3 ||    53
   Cast: Maxwell's Capacit |       |       |       |       |       |       |       |       |     5 ||     5
    Use: Scroll            |     2 |       |       |       |       |       |       |       |       ||     2
         Potion            |     2 |       |       |       |       |       |       |       |       ||     2
 Armour: Leather armour    |     5 |       |       |       |       |       |       |       |       ||     5
  Dodge: Dodged            |     6 |       |       |       |       |       |       |       |       ||     6

Table legend:
 A = Non-vault XP
 B = Vault XP
 C = Vault XP percentage of total XP
 D = Non-vault monster count
 E = Vault monster count
 F = Vault count percentage of total count
                 A         B        C        D         E       F
            +---------+---------+-------+---------+---------+-------
      Total |      29 |       0 |   0.0 |      19 |       0 |   0.0
            +---------+---------+-------+---------+---------+-------
        D:1 |      26 |       0 |   0.0 |      17 |       0 |   0.0
        D:2 |       3 |       0 |   0.0 |       2 |       0 |   0.0
            +---------+---------+-------+---------+---------+-------
